 Dungeon Crawl Stone Soup version 0.32-a0-128-g77eb882913 (webtiles) character file.

Game seed: 17787002571273423060

2318 Khashishi the Trooper (level 9, 0/48 HPs)
             Began as a Vine Stalker Brigand on Feb 7, 2024.
             Was a Follower of Uskayaw.
             Slain by a vampire (3 damage)
             ... on level 6 of the Dungeon.
             The game lasted 00:44:15 (4655 turns).

Khashishi the Trooper (Vine Stalker Brigand)        Turns: 4655, Time: 00:44:15

Health: 0/48       AC: 11    Str: 14    XL:     9   Next: 41%
Magic:  0/11       EV:  7    Int: 11    God:    Uskayaw [*.....]
Gold:   158        SH:  5    Dex: 20    Spells: 3/8 levels left

rFire   . . .        x - +10 rapier of the Egg {vamp, Fly rC- rN+ rCorr}
rCold   . . .        u - +0 buckler
rNeg    + . .        h - +0 chain mail {rC+}
rPois   .            (no helmet)
rElec   .            s - +0 cloak
rCorr   +            (no gloves)
SInv    .            r - +0 pair of boots
Will    +....        (no amulet)
Stlth   +            (no ring)
HPRegen 1.08/turn    (no ring)
MPRegen 0.12/turn

%: guardian spirit
@: about to teleport, flying
A: fangs 3, regeneration 1, magic shield, antimagic bite, no potion heal 2
a: Renounce Religion, Stomp


You were on level 6 of the Dungeon.
You worshipped Uskayaw.
Uskayaw was noncommittal.
You visited 2 branches of the dungeon, and saw 8 of its levels.

You collected 380 gold pieces.
You spent 222 gold pieces at shops.

Inventory:

Hand Weapons
 x - the +10 rapier of the Egg (weapon) {vamp, Fly rC- rN+ rCorr}
   (You bought it in a shop on level 1 of the Dungeon)

   rC-:       It makes you vulnerable to cold.
   rN+:       It protects you from negative energy.
   Fly:       It grants you flight.
   rCorr:     It protects you from acid and corrosion.
Missiles
 c - 5 atropa-tipped darts
 v - a curare-tipped dart
Armour
 b - a +0 robe
 h - a +0 chain mail of cold resistance (worn)
 r - a +0 pair of boots (worn)
 s - a +0 cloak (worn)
 u - a +0 buckler (worn)
Talismans
 j - a beast talisman
Wands
 f - a wand of charming (4)
 k - a wand of polymorph (1)
 p - a wand of flame (24)
Scrolls
 e - a scroll of acquirement {unknown}
 l - 3 scrolls of teleportation
 n - a scroll of immolation {unknown}
 o - 3 scrolls of fog {unknown}
 q - 2 scrolls of poison {unknown}
 t - 2 scrolls of amnesia {unknown}
 w - 2 scrolls of torment {unknown}
Potions
 g - a potion of resistance {unknown}
 i - a potion of brilliance
 z - a potion of enlightenment {unknown}
 A - a potion of magic {unknown}


   Skills:
 - Level 6.0 Fighting
 + Level 5.5 Short Blades
 - Level 3.0 Throwing
 - Level 3.0 Armour
 - Level 3.0 Dodging
 - Level 4.8 Stealth
 + Level 2.1 Shields
 * Level 2.4 Invocations
 - Level 4.5 Evocations


You had 3 spell levels left.
You knew the following spells:

 Your Spells              Type           Power      Damage    Failure   Level
a - Apportation           Tloc           0%         N/A       100%        1
b - Blink                 Tloc           0%         N/A       100%        2
c - Lesser Beckoning      Tloc           0%         N/A       100%        2

Your spell library contained the following spells:

 Spells                   Type           Power      Damage    Failure   Level
 Freeze                   Ice            0%         1d3       100%        1
 Sting                    Conj/Alch      0%         1d3       100%        1
 Call Imp                 Summ           0%         N/A       100%        2
 Jinxbite                 Hex            0%         N/A       100%        2
 Mercury Vapours          Alch/Air       0%         N/A       100%        2
 Momentum Strike          Conj/Tloc      0%         3d8       100%        2
 Static Discharge         Conj/Air       0%         3-3/arc   100%        2
 Sublimation of Blood     Necr           0%         N/A       100%        2
 Dazzling Flash           Conj/Hex       0%         N/A       100%        3
 Frozen Ramparts          Ice            0%         1d1       100%        3
 Hailstorm                Conj/Ice       0%         3d5       100%        3
 Inner Flame              Hex/Fire       0%         N/A       100%        3
 Mephitic Cloud           Conj/Alch/Air  0%         N/A       100%        3
 Volatile Blastmotes      Fire/Tloc      0%         2d10      100%        3
 Airstrike                Air            0%         2d(0-16)  100%        4
 Flame Wave               Conj/Fire      0%         2d4       100%        4
 Fulminant Prism          Conj/Alch      0%         3d5       100%        4
 Iskenderun's Mystic Bla  Conj/Tloc      0%         2d3       100%        4
 Olgreb's Toxic Radiance  Alch           0%         N/A       100%        4
 Sticky Flame             Fire/Alch      0%         2d4       100%        4
 Summon Lightning Spire   Summ/Air       0%         N/A       100%        4
 Alistair's Intoxication  Alch           0%         N/A       100%        5
 Curse of Agony           Necr           0%         N/A       100%        5
 Freezing Cloud           Conj/Ice/Air   0%         6-21      100%        5
 Silence                  Hex/Air        0%         N/A       100%        5
 Summon Hydra             Summ           0%         N/A       100%        7


Dungeon Overview and Level Annotations

Branches:
Dungeon (7/15)             Temple (1/1) D:6

Altars:
Ashenzari
Cheibriados
Dithmenos
Elyvilon
Fedhas
Hepliaklqana
Kikubaaqudgha
Makhleb
Okawaru
Qazlal
Trog
Uskayaw
Vehumet
Wu Jian
Yredelemnul
The Shining One

Shops:
D:1 (   D:3 ?   D:6 ::!(

Annotations:
D:7 Pikel


Innate Abilities, Weirdness & Mutations

You have razor-sharp teeth.
Your natural rate of healing is unusually fast.
When hurt, damage is shared between your health and your magic reserves.
Your bite disrupts and absorbs the magic of your enemies.
Potions cannot restore your health.


Message History

There is a stone staircase leading down here.
You start resting.
You flicker for a moment.
You fly downwards.
The lemure shouts! x2
The vampire hits you. The vampire bites you!
The vampire draws strength from your injuries!
Pikel, Merchant of Souls comes into view.
He is wielding a +1 whip of freezing.
Found a potion of invisibility.
There is a stone staircase leading up here.
Pikel shouts!
The lemure shouts!
The vampire gestures wildly while chanting.
The vampire flickers and vanishes!
Deactivating autopickup; reactivate with Ctrl-A.
You fly upwards.
Reactivating autopickup.
There is a stone staircase leading down here.
Deactivating autopickup; reactivate with Ctrl-A.
You barely miss something. Your bite misses something.
You block something's attack. Something bites you.
Okay, then.
Okay, then.
Unknown command.
You closely miss something. Your bite misses something.
You flicker back into view.
Something hits you but does no damage. Something bites you.
You closely miss something. You bite something. You drain its magic.
You feel invigorated.
You hit something but do no damage. You bite something. Something hits you!
Something bites you!
Something draws strength from your injuries!
Okay, then.
As you read the scroll of teleportation, it crumbles to dust.
You feel strangely unstable. Something hits you! Something bites you.
* * * LOW HITPOINT WARNING * * *
You barely miss something. Your bite misses something. Something hits you!
* * * LOW HITPOINT WARNING * * *
Something bites you.
You die...
Your body falls in perfect tune with the rhythm.

.# #.# #####.# #............#
.###.# #..###.###.######.# .##..#
###......###.# #.# .#.#.##
####............# #.# ..###.##
#...............# #.# .##
##.###.##.#.###..#..## #.#
..###.........#.##.#...∩# ##.#
.#.#.#.###.####.#.###...######...
......#....)....@.#.##...........
###.##.###.##...........####.....
###.##.# #..............# #.....
.##.##.###..#........##.# #.#...
.##.................###.####.#..#
.......########.##### #...>...<##
###############.# ######.####
#...........# #.....
#####.########### ######


There were no monsters in sight!

Vanquished Creatures
  Sigmund (D:4)
  2 water moccasins
  A swamp drake (D:4)
  2 black bears
  2 ice beasts
  A sky beast (D:6)
  An ogre (D:5)
  2 phantoms (D:6)
  A lemure (D:3)
  2 scorpions (D:4)
  A killer bee (D:7)
  A howler monkey (D:5)
  2 orc priests
  3 bombardier beetles
  4 hounds
  A jelly (D:5)
  5 iguanas
  Natasha (D:4)
  2 orc wizards
  8 gnolls
  6 adders
  2 ufetubi (D:6)
  3 ribbon worms
  21 orcs
  9 ball pythons
  5 bats
  9 endoplasms
  2 giant cockroaches
  4 goblins
  9 hobgoblins
  6 jackals
  7 quokkas
  3 frilled lizards
  9 kobolds
  5 rats
143 creatures vanquished.

Vanquished Creatures (collateral kills)
  2 killer bees (D:7)
  A dart slug (D:4)
  3 orcs (D:4)
6 creatures vanquished.

Vanquished Creatures (others)
  2 killer bees (D:7)
2 creatures vanquished.

Grand Total: 151 creatures vanquished

Notes
Turn   | Place    | Note
-------+----------+-------------------------------------------
     0 | D:1      | Khashishi the Vine Stalker Brigand began the quest for the
                  | Orb.
     0 | D:1      | Reached XP level 1. HP: 11/11 MP: 2/2
    33 | D:1      | Reached skill level 2 in Fighting
    62 | D:1      | Reached XP level 2. HP: 15/15 MP: 3/3
   426 | D:1      | Found a faded altar of an unknown god.
   527 | D:1      | Reached XP level 3. HP: 19/19 MP: 4/4
   528 | D:1      | Found Ofa Sul's Antique Weapon Boutique.
   941 | D:2      | Reached XP level 4. HP: 23/23 MP: 5/5
   977 | D:2      | Reached skill level 3 in Fighting
  1156 | D:3      | Noticed Grinder
  1159 | D:3      | Grinder changed into Grinder the lemure
  1159 | D:3      | Noticed Grinder
  1371 | D:3      | Noticed Jessica
  1373 | D:3      | Jessica changed into Jessica the ball python
  1373 | D:3      | Noticed Jessica
  1375 | D:3      | Killed Jessica the ball python
  1424 | D:3      | Found The Oracle's Delphic Readings.
  1468 | D:3      | Noticed a black bear
  1492 | D:3      | Killed a black bear
  1493 | D:3      | Reached skill level 1 in Evocations
  1493 | D:3      | Reached XP level 5. HP: 11/28 MP: 2/6
  1652 | D:3      | Found a burning altar of Makhleb.
  1659 | D:3      | Found a blossoming altar of Fedhas.
  1784 | D:3      | Killed Grinder the lemure
  1785 | D:3      | Reached XP level 6. HP: 30/33 MP: 7/7
  1912 | D:4      | Reached skill level 4 in Fighting
  2035 | D:3      | Found a runed translucent door.
  2036 | D:3      | Noticed Crazy Yiuf
  2040 | D:3      | Crazy Yiuf changed into Crazy Yiuf the iguana
  2040 | D:3      | Noticed Crazy Yiuf
  2049 | D:3      | Killed Crazy Yiuf the iguana
  2105 | D:4      | Noticed Sigmund
  2191 | D:4      | Reached XP level 7. HP: 38/38 MP: 8/8
  2258 | D:4      | Noticed Edmund
  2279 | D:4      | Edmund changed into Edmund the water moccasin
  2279 | D:4      | Noticed Edmund
  2287 | D:4      | Killed Edmund the water moccasin
  2431 | D:4      | Noticed Eustachio
  2471 | D:4      | Eustachio changed into Eustachio the swamp drake
  2471 | D:4      | Noticed Eustachio
  2486 | D:4      | Killed Eustachio the swamp drake
  2487 | D:4      | Reached skill level 1 in Dodging
  2604 | D:4      | Noticed Natasha
  2610 | D:4      | Killed Natasha
  2743 | D:5      | Entered Level 5 of the Dungeon
  2882 | D:4      | Killed Sigmund
  2883 | D:4      | Reached skill level 5 in Fighting
  2883 | D:4      | Reached skill level 1 in Armour
  2883 | D:4      | Gained mutation: You have razor-sharp teeth. [Vine Stalker
                  | growth]
  2883 | D:4      | Reached XP level 8. HP: 40/43 MP: 9/9
  3184 | D:1      | Bought a fading rapier for 189 gold pieces
  3184 | D:1      | Identified the +10 rapier of the Egg {vamp, Fly rC- rN+
                  | rCorr} (You bought it in a shop on level 1 of the Dungeon)
  3256 | D:6      | Found Unkist's Distillery.
  3364 | D:5      | Found an ancient bone altar of Kikubaaqudgha.
  3703 | D:5      | Noticed a shadow
  3704 | D:5      | Found a shadowy altar of Dithmenos.
  3705 | D:5      | Found a hazy altar of Hepliaklqana.
  3818 | D:6      | Found Xynihu Qeac's Weapon Emporium.
  3848 | D:6      | Found Fifuffumm's Book Emporium.
  3889 | D:6      | Reached skill level 5 in Short Blades
  4024 | D:7      | Reached skill level 1 in Shields
  4080 | D:6      | Bought a potion of curing for 33 gold pieces
  4121 | D:6      | Reached XP level 9. HP: 48/48 MP: 10/10
  4158 | D:6      | Found a staircase to the Ecumenical Temple.
  4170 | Temple   | Entered the Ecumenical Temple
  4177 | Temple   | Became a worshipper of Uskayaw the Reveller
  4297 | D:6      | Reached * piety under Uskayaw
  4308 | D:6      | Reached ** piety under Uskayaw
  4339 | D:6      | Reached skill level 1 in Invocations
  4384 | D:6      | Found Cytha's Book Shoppe.
  4423 | D:6      | Learned a level 1 spell: Apportation
  4426 | D:6      | Learned a level 2 spell: Blink
  4429 | D:6      | Learned a level 2 spell: Lesser Beckoning
  4619 | D:7      | Reached skill level 6 in Fighting
  4647 | D:7      | Noticed Pikel
  4655 | D:6      | Slain by a vampire

Illustrated notes

Levels and vault maps discovered:
D:1:      saegor_arrival_simple_b, layout_rooms, serial_shops, shop,
          shapermc_ecumenical_altar_mp_ritualfount
D:2:      layout_basic, minmay_misc_feat_x, minmay_puff
D:3:      layout_loops_ring, mainiacjoe_overflow_catwalk_spiral,
          reono_crystal_passage, nicolae_nh_oracle_at_delphi, uniq_jessica,
          uniq_grinder, uniq_crazy_yiuf_cottage
D:4:      layout_loops_corners, uniq_eustachio, uniq_natasha, uniq_edmund,
          uniq_sigmund
D:5:      minmay_diamond_boxcup, layout_cave_pools, kennysheep_little_box,
          riverfiend_overflow_shadow_ancestor, chequers_jeans
D:6:      layout_loops_ring, minmay_temple_entry_crystal_x, serial_shops,
          nicolae_shop_real_fake_doors, shop, shop,
          nicolae_shop_advertising_works [nicolae_subvault_shop_adworks],
          serial_park_tiny_1
D:7:      layout_layer_cave, uniq_pikel, uniq_joseph
Temple:   nicolae_temple_ecumenical_triangle

Skill      XL: |  1  2  3  4  5  6  7  8  9 |
---------------+----------------------------+-----
Fighting       | 2 3 4 5 6 |  6.0
Short Blades   | 2 3 4 5 |  5.5
Evocations     | 1 2 3 4 |  4.5
Dodging        | 1 2 3 |  3.0
Throwing       | 2 3 |  3.0
Armour         | 1 2 3 |  3.0
Shields        | 1 2 |  2.1
Invocations    | 2 |  2.4
Stealth        | |  4.8

Action                     |  1- 3 |  4- 6 |  7- 9 || total
---------------------------+-------+-------+-------++-------
  Melee: Dagger            |    93 |    81 |    39 ||   213
         Bite              |    15 |    27 |    55 ||    97
         Punch             |     1 |     2 |     5 ||     8
         Dire flail        |       |       |    67 ||    67
         Rapier            |       |       |   113 ||   113
  Throw: Dart              |    31 |    32 |    46 ||   109
 Invoke: Stomp             |       |       |     2 ||     2
  Evoke: Wand              |       |    10 |    20 ||    30
    Use: Scroll            |       |       |     6 ||     6
         Potion            |       |       |     6 ||     6
   Stab: Sleeping          |     1 |       |       ||     1
         Invisible         |       |       |     5 ||     5
 Armour: Robe              |    14 |       |       ||    14
         Chain mail        |    40 |    50 |   192 ||   282
         Skin              |       |       |     4 ||     4
  Dodge: Dodged            |    40 |    19 |    75 ||   134
  Block: Buckler           |       |       |    22 ||    22

Table legend: (Time is in decaauts)
 A = Elapsed time spent in this place.
 B = Non-inter-level travel time spent in this place.
 C = Inter-level travel time spent in this place.
 D = Time resting spent in this place.
 E = Time spent auto-exploring this place.
 F = Levels seen in this place.
 G = Mean time per level.
                   A        B        C        D        E       F      G
               +--------+--------+--------+--------+--------+-----+--------+
         Total |   4636 |   4274 |    362 |     45 |      0 |   8 |  579.5 |
       Dungeon |   4622 |   4260 |    362 |     45 |      0 |   7 |  660.3 |
        Temple |     13 |     13 |      0 |      0 |      0 |   1 |   13.0 |
               +--------+--------+--------+--------+--------+-----+--------+

Top non-repeatable levels by time:
     D:4: 953 daAuts
     D:3: 897 daAuts
     D:2: 727 daAuts
     D:6: 704 daAuts
     D:1: 578 daAuts
     D:5: 568 daAuts
     D:7: 191 daAuts
  Temple: 13 daAuts
